 Dungeon Crawl Stone Soup version 0.19-a0-14-gde87d98 (webtiles) character file.

4259 Karasique the Fighter (level 10, 0/84 HPs)
             Began as a Demonspawn Wanderer on Apr 29, 2016.
             Was a Believer of Okawaru.
             Killed from afar by a hell hound (2 damage)
             ... with a blast of flame
             ... on level 10 of the Dungeon.
             The game lasted 00:29:46 (9213 turns).

Karasique the Fighter (Demonspawn Wanderer)         Turns: 9213, Time: 00:29:47

Health: 0/84       AC: 18    Str: 14    XL:     10   Next: 10%
Magic:  13/13      EV: 12    Int: 13    God:    Okawaru [**....]
Gold:   627        SH:  3    Dex: 12    Spells: 1 memorised, 12 levels left

rFire  + + .     SeeInvis .     w - +2 long sword (freeze)
rCold  . . .     Gourm    .     p - +0 ring mail
rNeg   . . .     Faith    .     s - +0 buckler
rPois  .         Spirit   .     (helmet restricted)
rElec  .         Dismiss  .     (no cloak)
rCorr  .         Reflect  .     G - +2 pair of gloves {archery}
SustAt .         Harm     .     (no boots)
MR     .....                    (no amulet)
Stlth  +.........               u - ring of protection from fire
                                R - +1 ring of evasion

@: lethally poisoned (0 -> -1), slowed, very slow, not resistant to hostile
enchantments, very unstealthy
A: horns 1, talons 1, rough black scales 3, fire resistance 1
a: Heroism, Renounce Religion


You were on level 10 of the Dungeon.
You worshipped Okawaru.
Okawaru was pleased with you.
You were hungry.

You visited 2 branches of the dungeon, and saw 11 of its levels.
You also visited: Ossuary and Bailey.

You collected 627 gold pieces.

Inventory:

Hand Weapons
 b - a cursed -3 trident
 w - a +2 long sword of freezing (weapon)
Missiles
 e - a throwing net (quivered)
Armour
 p - a +0 ring mail (worn)
 s - a +0 buckler (worn)
 G - a +2 pair of gloves of archery (worn)
Jewellery
 u - a ring of protection from fire (right hand)
 R - a +1 ring of evasion (left hand)
Wands
 L - a wand of confusion (8/48)
Scrolls
 g - a scroll of brand weapon {unknown}
 i - 5 scrolls of fear
 k - 3 scrolls of blinking
 l - 2 scrolls of amnesia
 m - 5 scrolls of remove curse
 n - a scroll of recharging
 r - a scroll of noise {unknown}
 t - 3 scrolls of teleportation {unknown}
 x - 2 scrolls of fog {unknown}
 y - 2 scrolls of enchant weapon {unknown}
 D - a scroll of immolation {unknown}
 E - a scroll of enchant armour {unknown}
 Q - a scroll of magic mapping
Potions
 c - 5 potions of curing
 d - 2 potions of magic
 h - a potion of agility {unknown}
 j - 6 potions of heal wounds
 q - 5 potions of degeneration
 z - 3 potions of flight
 A - a potion of brilliance
 B - 2 potions of lignification
 F - a potion of haste
 K - 2 potions of cure mutation {unknown}
 M - a potion of might
 N - a potion of invisibility {unknown}
 O - a potion of resistance {unknown}
 P - a potion of beneficial mutation
Books
 a - a book of Conjurations

   Spells                             Type                      Level
   a - Magic Dart                     Conjuration                  1
   b - Searing Ray                    Conjuration                  2
   c - Dazzling Spray                 Conjuration/Hexes            3
   d - Fulminant Prism                Conjuration/Hexes            4
   e - Iskenderun's Mystic Blast      Conjuration                  4
   f - Iskenderun's Battlesphere      Conjuration/Charms           5
Comestibles
 f - 6 bread rations
 o - 7 fruits
 v - 2 meat rations
 C - a royal jelly
 H - a slice of pizza
 J - 7 beef jerkies


   Skills:
 + Level 9.7 Fighting
 * Level 8.4 Long Blades
 - Level 1.0 Polearms
 + Level 2.5 Armour
 + Level 2.7 Dodging
 - Level 1.7 Stealth
 - Level 1.0 Shields
 - Level 2.5 Spellcasting
 - Level 3.0 Conjurations
   Level 2.0 Poison Magic
 - Level 3.1 Invocations


You had 12 spell levels left.
You knew the following spells:

 Your Spells              Type           Power        Failure   Level  Hunger
a - Searing Ray           Conj           #.....       34%         2    ###....


Dungeon Overview and Level Annotations

Branches:
Dungeon (10/15)            Temple (1/1) D:6            Lair (0/8) D:10
    Orc: D:9-12

Altars:
Ashenzari
Cheibriados
Dithmenos
Elyvilon
Fedhas
Gozag
Kikubaaqudgha
Makhleb
Nemelex Xobeh
Okawaru
Pakellas
Qazlal
Ru
Sif Muna
Trog
Vehumet
Xom
Yredelemnul
Zin
The Shining One

Annotations:
D:3 Grinder
D:6 2 exclusions
D:9 Pikel


Innate Abilities, Weirdness & Mutations

You have sharp toenails.
You are completely covered in rough black scales (AC +10, Dex -3).
Your flesh is heat resistant.
You have a pair of small horns on your head.


Message History

The guardian serpent is severely wounded.
You feel sick.
You block the guardian serpent's attack.
The guardian serpent closely misses you.
You slash the guardian serpent! You freeze the guardian serpent.
You kill the guardian serpent!
Okawaru accepts your kill.
You feel sick.
You feel sick.
The hell hound barks!
A centaur zombie comes into view.
You feel sick.
The hell hound bites you but does no damage.
The hell hound barely misses you.
The hell hound bites you but does no damage.
The hell hound misses you.
You feel sick. The hell hound breathes flames at you.
The blast of flame hits you! You resist.
You die...

..###########...
..............#
..............#
..............#
..............#
##########......#.######
.....Z.....####.#.......
...........+ #.........
.......@h..# #.+.......
...........####.........
........................
##########+#####........
..............
........≈≈≈...
.......≈§≈≈§≈.
#####.≈§§hh§≈.
..≈≈§>.≈..


You could see a hell hound and a centaur zombie (wandering).

Vanquished Creatures
  A guardian serpent (D:10)
  Joseph (D:8)
  Prince Ribbit (D:8)
  Sigmund (D:3)
  A wyvern (D:8)
  A water moccasin (D:6)
  3 sky beasts
  2 orc warriors
  An ice beast (D:6)
  4 ogres
  3 centaurs
  A giant frog (D:7)
  An elf zombie (Ossuary)
  2 scorpions
  A wyvern skeleton (D:7)
  A troll zombie (Ossuary)
  2 howler monkeys
  2 centaur zombies (Ossuary)
  7 orc priests
  3 hounds
  A jelly (D:7)
  2 giant frog skeletons
  11 orc wizards
  A human zombie (Ossuary)
  Natasha (twice) (D:3)
  5 worker ants
  2 ogre zombies (Ossuary)
  A big kobold zombie (Ossuary)
  8 mummies
  A hound zombie (D:6)
  A hound skeleton (D:5)
  9 adders
  2 shadow imps
  4 adder zombies (Ossuary)
  An adder skeleton (D:5)
  2 worms (D:3)
  4 dart slugs
  4 giant geckos
  69 orcs
  12 bats
  A giant cockroach (D:6)
  11 goblins
  7 hobgoblins
  17 jackals
  7 kobolds
  3 quokkas
  3 giant newts
  4 goblin zombies
  8 hobgoblin zombies
  A jackal skeleton (D:5)
  3 kobold zombies (Ossuary)
  6 quokka zombies
  5 rats
257 creatures vanquished.

Vanquished Creatures (others)
  A human (D:2)
  An orc wizard (D:4)
  2 orcs (D:4)
4 creatures vanquished.

Grand Total: 261 creatures vanquished

Notes
Turn   | Place    | Note
--------------------------------------------------------------
     0 | D:1      | Karasique the Demonspawn Wanderer began the quest for the Orb.
     0 | D:1      | Karasique set off with: a book of Conjurations, a +0 spear, a potion of curing, a +0 robe, a +0 dagger, a bread ration
     0 | D:1      | Reached XP level 1. HP: 13/13 MP: 1/1
   114 | D:1      | Reached skill level 1 in Spellcasting
   172 | D:1      | Gained mutation: You are partially covered in rough black scales (AC +4, Dex -1). [demonic ancestry]
   172 | D:1      | Reached XP level 2. HP: 15/19 MP: 4/4
   272 | D:1      | Learned a level 2 spell: Searing Ray
   741 | D:2      | Gained mutation: Your flesh is heat resistant. [demonic ancestry]
   741 | D:2      | Reached XP level 3. HP: 24/24 MP: 3/6
   847 | D:2      | Found a blossoming altar of Fedhas.
   868 | D:2      | Reached skill level 1 in Fighting
   955 | D:2      | Found an ancient bone altar of Kikubaaqudgha.
   963 | D:2      | Noticed a human
   964 | D:2      | Killed a human
  1133 | D:2      | Reached skill level 2 in Fighting
  1270 | D:3      | Reached XP level 4. HP: 29/33 MP: 2/7
  1338 | D:3      | Noticed Sigmund
  1420 | D:3      | Noticed Natasha
  1434 | D:3      | Killed Natasha
  1434 | D:3      | Reached skill level 3 in Fighting
  1917 | D:3      | Gained mutation: You have sharp toenails. [demonic ancestry]
  1917 | D:3      | Reached XP level 5. HP: 41/41 MP: 8/8
  1936 | D:3      | Noticed Natasha
  1951 | D:3      | Killed Natasha
  1951 | D:3      | Reached skill level 4 in Fighting
  2093 | D:3      | Killed Sigmund
  2093 | D:3      | Reached skill level 5 in Fighting
  2093 | D:3      | Reached XP level 6. HP: 44/51 MP: 5/9
  2099 | D:3      | Noticed Grinder
  2249 | D:4      | Reached skill level 1 in Long Blades
  2270 | D:4      | Found a sand-covered staircase.
  2276 | Ossuary  | Entered an ossuary
  2483 | Ossuary  | Reached skill level 6 in Fighting
  2716 | Ossuary  | Gained mutation: You are mostly covered in rough black scales (AC +7, Dex -2). [demonic ancestry]
  2716 | Ossuary  | Reached XP level 7. HP: 56/58 MP: 10/10
  3648 | D:4      | Reached skill level 7 in Fighting
  3727 | D:4      | Reached XP level 8. HP: 67/67 MP: 8/11
  3758 | D:4      | Found a shimmering altar of Xom.
  3759 | D:4      | Found a basalt altar of Yredelemnul.
  3759 | D:4      | Found a sparkling altar of Nemelex Xobeh.
  3763 | D:4      | Found a radiant altar of Vehumet.
  3764 | D:4      | Found a shadowy altar of Dithmenos.
  3991 | D:4      | Found an opulent altar of Gozag.
  4051 | D:5      | Entered Level 5 of the Dungeon
  4216 | D:5      | Found a snail-covered altar of Cheibriados.
  4825 | D:6      | Reached skill level 8 in Fighting
  4825 | D:6      | Reached skill level 5 in Long Blades
  4831 | D:6      | Gained mutation: You have a pair of small horns on your head. [mutagenic meat]
  6011 | D:6      | Found a staircase to the Ecumenical Temple.
  6024 | Temple   | Entered the Ecumenical Temple
  6076 | Temple   | Became a worshipper of Warmaster Okawaru
  6284 | D:7      | Reached skill level 1 in Invocations
  6284 | D:7      | Reached XP level 9. HP: 68/75 MP: 12/12
  6321 | D:7      | Found a flagged portal.
  6334 | Bailey   | Entered a bailey
  6974 | Bailey   | Noticed an orc knight
  7027 | Bailey   | Noticed an orc knight
  7110 | D:7      | Reached skill level 9 in Fighting
  7757 | D:7      | Reached * piety under Okawaru
  7970 | D:8      | Found a sacrificial altar of Ru.
  8031 | D:8      | Found a glowing golden altar of the Shining One.
  8060 | D:8      | Noticed Prince Ribbit
  8075 | D:8      | Reached skill level 1 in Armour
  8088 | D:8      | Killed Prince Ribbit
  8144 | D:8      | Noticed Joseph
  8172 | D:8      | Killed Joseph
  8172 | D:8      | Reached ** piety under Okawaru
  8887 | D:8      | Gained mutation: You are completely covered in rough black scales (AC +10, Dex -3). [demonic ancestry]
  8887 | D:8      | Reached XP level 10. HP: 84/84 MP: 13/13
  9097 | D:9      | Found a stormy altar of Qazlal.
  9107 | D:9      | Noticed Pikel
  9109 | D:10     | Entered Level 10 of the Dungeon
  9109 | D:10     | Found a staircase to the Lair.
  9199 | D:10     | Noticed a guardian serpent
  9208 | D:10     | HP: 4/84 [poisoned by a guardian serpent (bolt of poison)]
  9209 | D:10     | Killed a guardian serpent
  9213 | D:10     | HP: 2/84 [poisoned by a guardian serpent (bolt of poison)]
  9213 | D:10     | Killed from afar by a hell hound

Vault maps used:
D:1:      lemuel_arrival_tunnels, corner_web_ring
D:2:      lemuel_round_altar, tgw_kikubaaqudgha
D:3:      uniq_grinder, uniq_sigmund, uniq_natasha
D:4:      grunt_temple_overflow_open, nicolae_overflow_crystal_walls,
          nicolae_ossuary_entry_giza, lemuel_old_faithful
D:5:      nicolae_overflow_hidden_temple, first_bread
D:6:      temple_hall, nrook_pool_corridor
D:7:      enter_bailey_3, grunt_ogre_cave
D:8:      kennysheep_mini_moat, basic_altar, hangedman_abyss_or_decor_passed,
          lemuel_statue_altar, uniq_joseph, uniq_prince_ribbit1
D:9:      nicolae_qazlal_general_emergency, uniq_pikel, uniq_gastronok
D:10:     minmay_lair_entry_lava, nrook_guardian_serpent_ordinary, uniq_psyche
Temple:   triangle_lava_temple_11
Ossuary:  ossuary_boxes_badplayer
Bailey:   bailey_polearm_5, bailey

Skill      XL: |  1  2  3  4  5  6  7  8  9 |
---------------+----------------------------+-----
Spellcasting   | 1 2 |  2.5
Fighting       | 2 3 5 6 7 8 9 |  9.7
Long Blades    | 2 4 6 8 |  8.4
Invocations    | 1 3 |  3.1
Armour         | 2 |  2.5
Dodging        | 2 |  2.7
Polearms       | |  1.0
Stealth        | |  1.7
Shields        | |  1.0
Conjurations   | |  3.0
Poison Magic   | |  2.0

Action                   |  1- 3 |  4- 6 |  7- 9 | 10-12 || total
-------------------------+-------+-------+-------+-------++-------
Melee: Spear             |   114 |     8 |       |       ||   122
       Hand axe          |       |    90 |       |       ||    90
       Kick              |       |    29 |   129 |     2 ||   160
       Long sword        |       |    64 |   551 |    14 ||   629
       Headbutt          |       |       |    55 |     1 ||    56
 Cast: Searing Ray       |     8 |     6 |    17 |       ||    31
Evoke: Wand              |       |       |    10 |       ||    10
  Use: Scroll            |       |     4 |    14 |     1 ||    19
       Potion            |       |       |     2 |       ||     2
 Stab: Sleeping          |     7 |     7 |    13 |       ||    27
  Eat: Chunk             |     2 |     4 |    19 |     2 ||    27
       Bread ration      |       |     1 |       |       ||     1
Armor: Robe              |    25 |       |       |       ||    25
       Ring mail         |    27 |    88 |   281 |     7 ||   403
Dodge: Dodged            |    51 |    90 |   299 |    10 ||   450
Block: Buckler           |     2 |    33 |   123 |     2 ||   160
